Map: Acropolis LE

Players

Subspace - Winner!

  • Race: Zerg Zerg
  • League: Diamond
  • Spawn Location: 11:00

A.I. 1 (Very Easy)

  • Race: Protoss Protoss
  • Spawn Location: 5:00

VOD

Have the link to the VOD?

Description

Time

  • Played on: Aug. 22, 2019, 3:09 a.m.
  • Length: 4:11
Show
View Real Time Build Order
Export as new Build Order

Subspace Zerg - Winner!

Build Orders: Hatch First 

Get SALT Encoding   

  12  0:01  Drone  
  13  0:08  Drone  
  14  0:15  Extractor  
  14  0:17  Drone  
  14  0:20  Extractor  
  13  0:21  Drone  
  15  0:45  Hatchery  
  14  1:03  Spawning Pool  
  13  1:09  Drone  
  14  1:19  Overlord  
  14  1:28  Overlord  
  14  1:49  Metabolic Boost  
  14  1:51  Lair  
  14  1:55  Zergling x2  
  14  2:00  Zergling x2  
  16  2:06  Zergling x2  
  17  2:10  Zergling x2  
  18  2:19  Pneumatized Carapace  
  18  2:24  Zergling x2  
  18  2:26  Zergling x2  
  18  2:29  Zergling x2  
  21  2:33  Zergling x2  
  22  2:40  Zergling x2  
  23  2:54  Zergling x2  
  23  2:55  Zergling x2  
  23  2:57  Zergling x2  
  26  3:02  Zergling x2  
  27  3:14  Zergling x6  
  27  3:16  Zergling x2  
  31  3:41  Zergling x8  
  34  3:43  Overlord  
Show
View Real Time Build Order
Export as new Build Order

A.I. 1 (Very Easy) Protoss 

Build Orders:  

Get SALT Encoding   

  12  0:00  Probe  
  13  0:13  Probe  
  14  0:20  Pylon  
  14  0:36  Assimilator  
  14  0:43  Gateway  
  14  0:46  Pylon  
  14  1:13  Assimilator  
  14  1:23  Probe  
  14  1:24  Zealot  
  14  1:31  Probe  
  15  1:33  Cybernetics Core  
  18  1:41  Probe  
  19  1:53  Probe  
  20  2:02  Probe  
  21  2:09  Warp Gate  
  21  2:10  Probe  
  22  2:41  Stalker  
  24  3:40  Stalker  
  24  3:42  Pylon  
  24  3:44  Probe  
  17  3:56  Probe  
Tags
 
League
Diamond
Matchup
PvZ
Spawn Locations
Cross Positions
Add a new tag
Caveats
  • Supply blocks, unpowered buildings, or Contaminate may cause inaccurate times.
  • Supply counts are checked every 10 seconds.